cohdb
Replays
Latest Replays
All Replays
Popular Replays
Top Player Replays
Match Explorer
How It Works
Community
CoH3 Stats
Reddit
Sign in to upload your games and track your stats! →
Sign in with Steam
Match 42592247
Unlisted
Match 42592247
Overview
Messages
Build Orders
End
Construct Infanterie Kompanie
Selects Luftwaffe Battlegroup
MG 42 Machine Gun Team
Grenadier Squad
Grenadier Squad
Infanterie Officer Quarters
Grenadier Squad
Grenadier Squad
Selects Stuka Strafing Run
Stuka Strafing Run
Phan
panther
Dark Angels
Tirant
Kakamora
B Ranked Aura Farmer
我不會說中文
Lord Curzon
0
0
Comments
sign in to comment!
No comments posted yet!